 Dungeon Crawl Stone Soup version 0.32-a0-350-g4f4d228785 (webtiles) character file.

Game seed: 6578009581544984719

480 ragingrage the Chopper (level 6, -2/48 HPs)
             Began as a Mountain Dwarf Reaver on Feb 18, 2024.
             Was a Follower of Beogh.
             Killed by nerve-wracking pain
             ... invoked by Grinder
              (13 damage)
             ... on level 4 of the Dungeon.
             The game lasted 00:04:02 (2829 turns).

ragingrage the Chopper (Mountain Dwarf Reaver)      Turns: 2829, Time: 00:04:03

Health: -2/48      AC:  6    Str: 16    XL:     6   Next: 86%
Magic:  8/8        EV: 10    Int: 14    God:    Beogh [*.....]
Gold:   130        SH:  0    Dex:  8    Spells: 3/8 levels left

rFire   . . .        a - +3 whip (elec)
rCold   . . .        (no shield)
rNeg    . . .        q - +0 ring mail {rPois}
rPois   +            (no helmet)
rElec   .            (no cloak)
rCorr   .            (no gloves)
SInv    .            m - +0 pair of boots
Will    .....        (no amulet) Stlth
                     t - ring of flight
HPRegen 0.28/turn    (no ring)
MPRegen 0.11/turn

%: no passive effects
@: mighty, flying
A: runic magic, artefact enchanting
a: Renounce Religion


You were on level 4 of the Dungeon.
You worshipped Beogh.
Beogh was aware of your devotion.
You visited 1 branch of the dungeon, and saw 4 of its levels.

You collected 130 gold pieces.

Inventory:

Hand Weapons
 a - a +3 whip of electrocution (weapon)
 h - a +3 rapier
 l - a +0 hand axe of freezing
Missiles
 r - 2 boomerangs
 s - 7 poisoned darts
Armour
 m - a +0 pair of boots (worn)
 q - a +0 ring mail of poison resistance (worn)
Jewellery
 t - a ring of flight (left hand)
Scrolls
 c - a scroll of teleportation
 e - a scroll of brand weapon
 f - a scroll of amnesia {unknown}
 k - a scroll of fear {unknown}
 n - a scroll of acquirement {unknown}
Potions
 b - a potion of degeneration {unknown}
 d - 2 potions of attraction {unknown}
 g - 4 potions of might
 i - 2 potions of haste {unknown}
 j - 2 potions of invisibility {unknown}
 o - a potion of berserk rage {unknown}
 p - 2 potions of heal wounds {unknown}
 u - a potion of ambrosia {unknown}


   Skills:
 - Level 2.1 Fighting
 - Level 6.6(7.5) Axes
 + Level 5.1(6.7) Maces & Flails
 - Level 1.3 Dodging
 - Level 1.7 Spellcasting
 + Level 3.1 Conjurations
 - Level 2.0 Necromancy
 - Level 1.0 Translocations


You had 3 spell levels left.
You knew the following spells:

 Your Spells              Type           Power      Damage    Failure   Level
a - Kiss of Death         Conj/Necr      32%        2d7       10%         1
b - Momentum Strike       Conj/Tloc      14%        3d8       19%         2
c - Blink                 Tloc           8%         N/A       28%         2

Your spell library contained the following spells:

 Spells                   Type           Power      Damage    Failure   Level
 Apportation              Tloc           8%         N/A       19%         1
 Sublimation of Blood     Necr           6%         N/A       19%         2
 Lesser Beckoning         Tloc           8%         N/A       28%         2
 Call Imp                 Summ           2%         N/A       38%         2
 Jinxbite                 Hex            2%         N/A       38%         2
 Hailstorm                Conj/Ice       5%         3d5       41%         3
 Gell's Gravitas          Tloc           4%         N/A       50%         3
 Teleport Other           Tloc           4%         N/A       50%         3
 Petrify                  Alch/Erth      1%         N/A       95%         4
 Irradiate                Conj/Alch      2%         3d12      99%         5
 Alistair's Intoxication  Alch           0%         N/A       100%        5
 Dispersal                Tloc           2%         N/A       100%        6
 Summon Hydra             Summ           0%         N/A       100%        7


Dungeon Overview and Level Annotations

Branches:
Dungeon (4/15)
 Temple: D:4-7

Altars:
Ashenzari
Wu Jian

Annotations:
D:3 exclusion: downstairs
D:4 Grinder


Innate Abilities, Weirdness & Mutations

Your spellcasting is much less encumbered by armour.
You can use scrolls of enchantment on lesser artefacts.


Message History

You shout for attention!
Grinder comes into view.
Unknown command.
You barely miss Grinder.
Grinder shouts!
You hit Grinder but do no damage. Grinder hits you!
You writhe in agony.
You hit Grinder. Grinder barely misses you.
You hit Grinder. Grinder gestures at you. You resist with some effort.
You hit Grinder. You hit Grinder. Grinder hits you!
You writhe in agony.
You hit Grinder but do no damage. Grinder closely misses you.
You hit Grinder but do no damage. Grinder barely misses you.
You hit Grinder. You barely miss Grinder.
Grinder blinks!
You swing at nothing.
You barely miss the hobgoblin.
Grinder says, "You look like you could use a good racking."
Grinder blinks!
The hobgoblin hits you but does no damage.
You whack the hobgoblin!
Lightning courses through the hobgoblin!
You kill the hobgoblin!
Grinder hits you.
You writhe in agony.
You swing at nothing.
You swing at nothing.
Grinder gestures at you.
You struggle to resist.
You swing at nothing.
Grinder hits you.
You swing at nothing.
Grinder hits you.
You writhe in agony.
* * * LOW HITPOINT WARNING * * *
Unknown command.
You closely miss Grinder. Grinder barely misses you.
It was a potion of might.
You feel very mighty all of a sudden. Grinder gestures at you.
Pain shoots through your body!
You die...
Grinder sighs, "Dead already?
I want a refund."

#. #
#.#########.###
#......<.......
###>.....######
#.......#.#.
#........#.#
#...)..ß.#ß#
#...##..5#)#
#...#.###@# ###.#
#...##.ß)###.ß.#
#...#†###.#.#
#...##...#)#.g.#
#...#..ß.#ß#.ßg.gg.
#...#....#.#.ggg...
....#...#.#.#.g.g#.
####.#..##### ##gg#
#...)...# #.#


You could see Grinder.

Vanquished Creatures
  A black bear (D:4)
  A phantom (D:4)
  A bombardier beetle (D:4)
  Natasha (thrice) (D:2)
  Robin (D:4)
  2 adders
  A ribbon worm (D:2)
  2 dart slugs (D:2)
  5 orcs
  5 ball pythons
  4 endoplasms (D:1)
  4 giant cockroaches
  17 goblins
  12 hobgoblins
  10 jackals
  4 quokkas
  4 bats
  5 frilled lizards
  8 kobolds
  3 rats
93 creatures vanquished.

Notes
Turn   | Place    | Note
-------+----------+-------------------------------------------
     0 | D:1      | ragingrage the Mountain Dwarf Reaver began the quest for
                  | the Orb.
     0 | D:1      | Reached XP level 1. HP: 17/17 MP: 3/3
    53 | D:1      | Reached skill level 4 in Axes
    57 | D:1      | Reached skill level 1 in Necromancy
    57 | D:1      | Reached XP level 2. HP: 19/24 MP: 4/4
   287 | D:1      | Reached XP level 3. HP: 28/29 MP: 5/5
   572 | D:1      | Reached skill level 5 in Axes
   771 | D:2      | Reached XP level 4. HP: 31/36 MP: 6/6
  1060 | D:2      | Learned a level 2 spell: Momentum Strike
  1063 | D:2      | Learned a level 2 spell: Blink
  1267 | D:2      | Noticed Natasha
  1278 | D:2      | Killed Natasha
  1279 | D:2      | Reached skill level 6 in Axes
  1349 | D:2      | Noticed Natasha
  1357 | D:2      | Killed Natasha
  1358 | D:2      | Reached skill level 1 in Translocations
  1358 | D:2      | Reached XP level 5. HP: 19/33 MP: 5/7
  1390 | D:2      | Noticed Natasha
  1402 | D:2      | Killed Natasha
  1835 | D:3      | Became a worshipper of Beogh the Shepherd
  1840 | D:3      | Reached skill level 1 in Maces & Flails
  2146 | D:3      | Found an ornate altar of the Wu Jian Council.
  2151 | D:3      | Found a broken altar of Ashenzari.
  2558 | D:4      | Noticed an ogre
  2600 | D:4      | Noticed a phantom
  2609 | D:4      | Killed a phantom
  2610 | D:4      | Reached XP level 6. HP: 29/48 MP: 8/8
  2762 | D:4      | Noticed Robin
  2768 | D:4      | Reached skill level 5 in Maces & Flails
  2771 | D:4      | Reached * piety under Beogh
  2775 | D:4      | Killed Robin
  2810 | D:4      | Noticed Grinder
  2829 | D:4      | Killed from afar by Grinder

Illustrated notes

Levels and vault maps discovered:
D:1:      saegor_arrival_miasma, layout_rooms
D:2:      layout_loops_ring, chequers_garden, st_stairs_12, uniq_natasha
D:3:      corexii_shack_village, layout_basic, grunt_temple_overflow_open,
          serial_bayou, serial_bayou_shore_a, serial_bayou_lake_a,
          serial_bayou_shore_b, serial_bayou_pond_e, serial_bayou_ford_a,
          serial_bayou_lagoon_b
D:4:      layout_basic, minmay_temple_entry_statues_pillars,
          nicolae_twisty_statue_hallways, uniq_pikel, uniq_grinder, uniq_robin

Skill      XL: |  1  2  3  4  5  6 |
---------------+-------------------+-----
Axes           | 4 5 6 |  6.6
Necromancy     | 1 2 |  2.0
Translocations | 1 |  1.0
Maces & Flails | 3 5 |  5.1
Conjurations   | 3 |  3.1
Fighting       | |  2.1
Dodging        | |  1.3
Spellcasting   | |  1.7

Action                     |  1- 3 |  4- 6 || total
---------------------------+-------+-------++-------
  Melee: Hand axe          |   116 |    59 ||   175
         Whip              |       |   119 ||   119
   Cast: Kiss of Death     |       |     3 ||     3
 Invoke: Convert to Beogh  |       |     1 ||     1
    Use: Scroll            |     1 |     1 ||     2
         Potion            |       |     1 ||     1
 Armour: Leather armour    |    87 |       ||    87
         Ring mail         |       |    98 ||    98
  Dodge: Dodged            |    92 |    73 ||   165

Table legend: (Time is in decaauts)
 A = Elapsed time spent in this place.
 B = Non-inter-level travel time spent in this place.
 C = Inter-level travel time spent in this place.
 D = Time resting spent in this place.
 E = Time spent auto-exploring this place.
 F = Levels seen in this place.
 G = Mean time per level.
                   A        B        C        D        E       F      G
               +--------+--------+--------+--------+--------+-----+--------+
         Total |   2832 |   2718 |    114 |    205 |   1839 |   4 |  708.0 |
       Dungeon |   2832 |   2718 |    114 |    205 |   1839 |   4 |  708.0 |
               +--------+--------+--------+--------+--------+-----+--------+

Top non-repeatable levels by time:
     D:3: 1027 daAuts
     D:2: 893 daAuts
     D:1: 645 daAuts
     D:4: 265 daAuts
